 Dungeon Crawl Stone Soup version 0.29-a0-283-ga02f740833 (webtiles) character file.

Game seed: 4336497956446064648

349 Dabor the Shield-Bearer (level 6, -1/40 HPs)
             Began as a Gargoyle Fighter on Mar 13, 2022.
             Slain by a human zombie (3 damage)
             ... in an ossuary.
             The game lasted 00:03:42 (3679 turns).

Dabor the Shield-Bearer (Gargoyle Fighter)          Turns: 3679, Time: 00:03:42

Health: -1/40      AC: 11    Str: 22    XL:     6   Next: 60%
Magic:  6/6        EV:  9    Int:  8    God:
Gold:   78         SH:  4    Dex:  9    Spells: 5/5 levels left

rFire   . . .      SeeInvis .   r - +2 hand axe (freeze)
rCold   . . .      Faith    .   c - +0 buckler
rNeg    + . .      Spirit   .   b - +0 scale mail
rPois   ∞          Reflect  .   (no helmet)
rElec   +          Harm     .   (no cloak)
rCorr   .          Rampage  .   (no gloves)
Will    .....                   (no boots)
Stlth   ..........              (no amulet)
HPRegen 0.13/turn               (no ring)
MPRegen 0.10/turn               (no ring)

@: mighty
A: sickness immunity, AC +4, negative energy resistance 1, electricity
resistance, torment resistance 1, petrification resistance
a: no special abilities


You were in an ossuary.
You visited 1 branch of the dungeon, and saw 4 of its levels.
You also visited: Ossuary.

You collected 78 gold pieces.

Inventory:

Hand Weapons
 a - a +0 flail
 r - a +2 hand axe of freezing (weapon)
Armour
 b - a +0 scale mail (worn)
 c - a +0 buckler (worn)
Jewellery
 k - a ring of fire
Scrolls
 e - a scroll of enchant weapon {unknown}
 f - a scroll of amnesia {unknown}
 g - a scroll of fog {unknown}
 h - 2 scrolls of immolation {unknown}
 i - 2 scrolls of magic mapping
 j - a scroll of fear {unknown}
 m - a scroll of torment {unknown}
 n - a scroll of vulnerability {unknown}
Potions
 l - a potion of lignification {unknown}
 o - a potion of heal wounds {unknown}
 p - 2 potions of curing {unknown}
 q - a potion of mutation {unknown}


   Skills:
 + Level 4.8 Fighting
 + Level 3.7 Maces & Flails
 + Level 4.8 Armour
 + Level 4.9 Shields


You had 5 spell levels left.
You didn't know any spells.
Your spell library was empty.

Dungeon Overview and Level Annotations

Branches:
Dungeon (4/15)            Ossuary (1/1)
 Temple: D:4-7

Altars:


Innate Abilities, Weirdness & Mutations

You are immune to sickness and miasma.
Your stone body is resilient. (AC +4)
You are immune to poison.
You resist negative energy. (rN+)
You are resistant to electric shocks. (rElec)
You are resistant to unholy torment.
You are immune to petrification.


Message History

You destroy the gnoll zombie!
You barely miss the rat zombie. You slash the hound zombie!
You destroy the hound zombie!
You barely miss the human zombie. You slash the elf zombie!
You hit the human zombie.
The adder zombie bites you but does no damage.
The human zombie hits you but does no damage. x2
The elf zombie closely misses you. The adder zombie bites you.
* * * LOW HITPOINT WARNING * * *
The rat zombie bites you but does no damage.
You slash the human zombie!
The human zombie is moderately damaged.
You hit the adder zombie. You slash the rat zombie!
You destroy the rat zombie!
You slash the human zombie! You hit the elf zombie.
The adder zombie closely misses you.
The human zombie hits you but does no damage.
The human zombie closely misses you. The elf zombie barely misses you.
You slash the human zombie!
The human zombie is heavily damaged.
You hit the elf zombie. You hit the human zombie.
You closely miss the adder zombie. The adder zombie closely misses you.
The human zombie hits you but does no damage. x2
The elf zombie hits you but does no damage.
You slash the human zombie! You freeze the human zombie.
The human zombie is almost destroyed.
You hit the adder zombie.
You destroy the adder zombie!
You slash the human zombie! You closely miss the elf zombie.
You block the human zombie's attack. The elf zombie barely misses you.
The human zombie hits you.
* * * LOW HITPOINT WARNING * * *
You barely miss the human zombie.
The human zombie is almost destroyed.
You slash the kobold zombie!
You destroy the kobold zombie!
You completely miss the human zombie. You closely miss the elf zombie.
The human zombie hits you but does no damage.
The human zombie hits you.
You die...

........#####...
.................
.................
#...............
.##...............
..................
..................
......Z@..........
......ZZ..........
..........∩∩......
..................
..................
..................
.##...............
#...............
................


You could see an elf zombie and 2 human zombies.

Vanquished Creatures
  A phantom (D:3)
  A scorpion (D:4)
  Ijyb (D:4)
  2 orc wizards (D:3)
  A hound zombie (Ossuary)
  3 adders (D:3)
  A worm zombie (D:4)
  An adder zombie (Ossuary)
  A dart slug (D:2)
  9 orcs
  3 ball pythons
  6 bats
  3 endoplasms
  8 giant cockroaches
  8 goblins
  9 hobgoblins
  3 quokkas
  2 frilled lizards
  2 gnoll zombies (Ossuary)
  A hobgoblin zombie (Ossuary)
  7 kobolds
  2 kobold zombies
  2 orc zombies (Ossuary)
  4 rats
  A rat zombie (Ossuary)
82 creatures vanquished.

Notes
Turn   | Place    | Note
-------+----------+-------------------------------------------
     0 | D:1      | Dabor the Gargoyle Fighter began the quest for the Orb.
     0 | D:1      | Reached XP level 1. HP: 14/14 MP: 1/1
   177 | D:1      | Reached XP level 2. HP: 13/19 MP: 2/2
  1147 | D:2      | Reached XP level 3. HP: 21/23 MP: 3/3
  2145 | D:3      | Noticed a phantom
  2167 | D:3      | Killed a phantom
  2168 | D:3      | Reached XP level 4. HP: 11/29 MP: 4/4
  2168 | D:3      | Reached XP level 5. HP: 13/33 MP: 5/5
  2938 | D:3      | Reached XP level 6. HP: 28/39 MP: 6/6
  3615 | D:4      | Noticed Ijyb
  3634 | D:4      | Killed Ijyb
  3653 | D:4      | Found a sand-covered staircase.
  3664 | Ossuary  | Entered an ossuary
  3678 | Ossuary  | HP: 2/40 [human zombie (4)]
  3679 | Ossuary  | Slain by a human zombie

Illustrated notes

Levels and vault maps discovered:
D:1:      dpeg_chamrin_arrival_tetris, layout_loops_ring, serial_rivers,
          chequers_serial_rivers_small_a, chequers_serial_rivers_large_b,
          chequers_serial_rivers_room_a, chequers_serial_rivers_micro_b
D:2:      wad_crossroads, layout_basic, kennysheep_decorative_pillar
D:3:      layout_loops_corners, st_stairs_1
D:4:      layout_basic, serial_shops, shop, enter_ossuary_3, uniq_duvessa,
          uniq_ijyb, uniq_sigmund
Ossuary:  ossuary_minmay_tomb_2a

Skill      XL: |  1  2  3 |
---------------+----------+-----
Fighting       | 4 |  4.8
Maces & Flails | 3 |  3.7
Armour         | 4 |  4.8
Shields        | 4 |  4.9

Action                   |  1- 3 |  4- 6 || total
-------------------------+-------+-------++-------
Melee: Flail             |   129 |   112 ||   241
       Hand axe          |       |    52 ||    52
  Use: Scroll            |       |     1 ||     1
       Potion            |       |     1 ||     1
Armor: Scale mail        |    67 |   143 ||   210
Dodge: Dodged            |    48 |    94 ||   142
Block: Buckler           |    26 |    41 ||    67

Table legend: (Time is in decaauts)
 A = Elapsed time spent in this place.
 B = Non-inter-level travel time spent in this place.
 C = Inter-level travel time spent in this place.
 D = Time resting spent in this place.
 E = Time spent auto-exploring this place.
 F = Levels seen in this place.
 G = Mean time per level.
                   A        B        C        D        E       F      G
               +--------+--------+--------+--------+--------+-----+--------+
         Total |   3794 |   3703 |     91 |    177 |   2867 |   5 |  758.8 |
       Dungeon |   3777 |   3686 |     91 |    177 |   2867 |   4 |  944.2 |
       Ossuary |     17 |     17 |      0 |      0 |      0 |   1 |   17.0 |
               +--------+--------+--------+--------+--------+-----+--------+

Top non-repeatable levels by time:
     D:3: 1501 daAuts
     D:1: 1134 daAuts
     D:2: 1052 daAuts
     D:4: 88 daAuts
 Ossuary: 17 daAuts
